 Dungeon Crawl Stone Soup version 0.30-a0-1066-g63dfefce0d (webtiles) character file.

Game seed: 1508828165848978264

165 Farfigtubin the Chopper (level 5, -2/48 HPs)
             Began as a Hill Orc Fighter on Apr 12, 2023.
             Slain by an ogre
             ... wielding a +0 giant club
              (15 damage)
             ... on level 5 of the Dungeon.
             The game lasted 00:09:17 (1254 turns).

Farfigtubin the Chopper (Hill Orc Fighter)          Turns: 1254, Time: 00:09:18

Health: -2/48      AC:  8    Str: 21    XL:     5   Next: 46%
Magic:  5/5        EV:  9    Int:  8    God:
Gold:   113        SH:  4    Dex: 10    Spells: 4/4 levels left

rFire   . . .      SeeInvis .    a - +0 war axe
rCold   . . .      Faith    .    c - +0 buckler
rNeg    . . .      Spirit   .    b - +0 scale mail
rPois   .          Reflect  .    (no helmet)
rElec   .          Rampage  .    (no cloak)
rCorr   .                        o - +0 pair of gloves
Will    .....                    (no boots) Stlth
                                 (no amulet)
HPRegen 0.28/turn                m - ring of flight
MPRegen 0.09/turn                (no ring)

@: flying
A: no striking features
a: no special abilities


You were on level 5 of the Dungeon.
You visited 1 branch of the dungeon, and saw 5 of its levels.

You collected 113 gold pieces.

Inventory:

Hand Weapons
 a - a +0 war axe (weapon)
Missiles
 e - 24 stones (quivered)
 l - 4 poisoned darts
Armour
 b - a +0 scale mail (worn)
 c - a +0 buckler (worn)
 o - a +0 pair of gloves (worn)
Jewellery
 m - a ring of flight (left hand)
Wands
 r - a wand of mindburst (12)
Scrolls
 g - 4 scrolls of poison {unknown}
 h - 5 scrolls of identify {unknown}
 j - a scroll of magic mapping {unknown}
 k - a scroll of immolation {unknown}
 s - a scroll of teleportation {unknown}
 t - a scroll of enchant weapon {unknown}
Potions
 d - a potion of might
 f - 2 potions of brilliance {unknown}
 i - a potion of ambrosia {unknown}
 n - a potion of berserk rage {unknown}
 p - a potion of mutation {unknown}
 q - a potion of flight {unknown}


   Skills:
 + Level 5.0 Fighting
 * Level 6.1 Axes
 + Level 0.1 Throwing
 - Level 3.2 Armour
 - Level 3.2 Shields


You had 4 spell levels left.
You didn't know any spells.
Your spell library contained the following spells:

 Spells                   Type           Power      Damage    Failure   Level
 Beastly Appendage        Tmut           0%         N/A       83%         1
 Wereblood                Tmut           0%         N/A       93%         2
 Spider Form              Tmut/Pois      0%         N/A       99%         3


Dungeon Overview and Level Annotations

Branches:
Dungeon (5/15)
 Temple: D:4-7

Altars:
Dithmenos
Nemelex Xobeh


Message History

Items here: ))) [ ††.
e - 20 stones (gained 6) As you open the door, it creaks loudly!
Found a scale mail and 4 stones.
There is an open door here.
You see here a +0 scale mail.
e - 24 stones (gained 4)
You reach down and open the door.
There is an open door here.
You reach down and open the door.
A sourceless malevolence fills the Dungeon...
You are sucked into a shaft and drop 1 floor!
The shaft crumbles and collapses.
You hear the hiss of flowing sand.
There is an entrance to an ossuary on this level.
Hurry and find it before the portal is buried!
You reach down and open the door.
There is an open door here.
You reach down and open the door.
Found a stone staircase leading up.
There is an open door here.
There is a stone staircase leading up here.
You fly upwards.
There is a stone staircase leading down here.
You fly downwards.
You hear the hiss of flowing sand.
There is an entrance to an ossuary on this level.
Hurry and find it before the portal is buried!
There is a stone staircase leading up here.
As you open the door, it creaks loudly!
You hear a shout!
An ogre comes into view. It is wielding a +0 giant club.
There is an open door here.
The ogre hits you with a +0 giant club!
You barely miss the ogre.
The ogre hits you with a +0 giant club!!
* * * LOW HITPOINT WARNING * * *
You barely miss the ogre. The ogre misses you.
You barely miss the ogre. You slash the ogre!
The ogre is heavily wounded.
The ogre hits you with a +0 giant club!
You die...

###### #....#
#....# #..O.#
########## #@#
#........###'####
#......#..#.....#
#......#..#.....#
#......#..#.....#
#......#..#.....#
#......'..#.....#
#......#..####..#
##.....#..####..##


You could see an ogre.

Vanquished Creatures
  A jelly (D:4)
  An iguana (D:4)
  Terence (D:3)
  A gnoll (D:3)
  4 adders
  An ufetubus (D:4)
  2 orcs (D:4)
  3 ball pythons
  3 bats
  An endoplasm (D:1)
  A giant cockroach (D:4)
  6 goblins
  3 hobgoblins
  2 jackals (D:4)
  2 quokkas (D:4)
  4 kobolds
  A rat (D:1)
37 creatures vanquished.

Notes
Turn   | Place    | Note
-------+----------+-------------------------------------------
     0 | D:1      | Farfigtubin the Hill Orc Fighter began the quest for the
                  | Orb.
     0 | D:1      | Reached XP level 1. HP: 19/19 MP: 1/1
    94 | D:1      | Reached skill level 3 in Axes
   167 | D:1      | Reached XP level 2. HP: 27/27 MP: 2/2
   430 | D:2      | Reached skill level 4 in Axes
   430 | D:2      | Reached XP level 3. HP: 33/33 MP: 3/3
   565 | D:3      | Found a sparkling altar of Nemelex Xobeh.
   567 | D:3      | Found a shadowy altar of Dithmenos.
   626 | D:4      | Reached skill level 5 in Axes
   626 | D:4      | Reached XP level 4. HP: 11/41 MP: 4/4
   773 | D:3      | Noticed Terence
   782 | D:3      | Killed Terence
   783 | D:3      | Reached XP level 5. HP: 35/47 MP: 5/5
   918 | D:4      | Reached skill level 5 in Fighting
   918 | D:4      | Reached skill level 6 in Axes
  1217 | D:4      | You are sucked into a shaft and drop 1 floor!
  1217 | D:5      | Entered Level 5 of the Dungeon
  1249 | D:5      | Noticed an ogre
  1254 | D:5      | Slain by an ogre

Illustrated notes

Levels and vault maps discovered:
D:1:      wander_arrival_estate, layout_basic, grunt_decor_junction
D:2:      layout_basic, shapermc_ecumenical_altar_hornbeckon, basic_altar
D:3:      layout_basic, mainiacjoe_overflow_catwalk_spiral,
          uniq_crazy_yiuf_cottage, uniq_jessica, uniq_terence, uniq_ijyb
D:4:      corexii_shantytown, layout_basic, fountainhead,
          chequers_serial_rivers_room_a, hangedman_decor_opposing
D:5:      layout_gridville, lightli_temple_of_fire,
          gammafunk_temple_overflow_claw, mainiacjoe_overflow_six_doors_small,
          enter_ossuary_5

Skill      XL: |  1  2  3  4  5 |
---------------+----------------+-----
Axes           | 3 4 5 6 |  6.1
Fighting       | 4 5 |  5.0
Throwing       | |  0.1
Armour         | |  3.2
Shields        | |  3.2

Action                     |  1- 3 |  4- 6 || total
---------------------------+-------+-------++-------
  Melee: War axe           |    52 |    55 ||   107
  Throw: Dart              |       |     2 ||     2
         Stone             |       |     4 ||     4
    Use: Potion            |       |     1 ||     1
 Armour: Scale mail        |    17 |    24 ||    41
  Dodge: Dodged            |    20 |    19 ||    39
  Block: Buckler           |     9 |     8 ||    17

Table legend: (Time is in decaauts)
 A = Elapsed time spent in this place.
 B = Non-inter-level travel time spent in this place.
 C = Inter-level travel time spent in this place.
 D = Time resting spent in this place.
 E = Time spent auto-exploring this place.
 F = Levels seen in this place.
 G = Mean time per level.
                   A        B        C        D        E       F      G
               +--------+--------+--------+--------+--------+-----+--------+
         Total |   1288 |   1189 |     99 |    193 |     13 |   5 |  257.6 |
       Dungeon |   1288 |   1189 |     99 |    193 |     13 |   5 |  257.6 |
               +--------+--------+--------+--------+--------+-----+--------+

Top non-repeatable levels by time:
     D:3: 427 daAuts
     D:4: 392 daAuts
     D:2: 227 daAuts
     D:1: 204 daAuts
     D:5: 36 daAuts
